 Dungeon Crawl Stone Soup version 0.27-a0-1529-g1e82c303ef (webtiles) character file.

Game seed: 7943327606751612718

8719 Lemonice the Spear-Bearer (level 11, -4/76 HPs)
             Began as a Merfolk Ice Elementalist on July 12, 2021.
             Was a Priest of the Shining One.
             Slain by Harold (5 damage)
             ... on level 1 of the Lair of Beasts.
             The game lasted 00:34:54 (12858 turns).

Lemonice the Spear-Bearer (MfIE)                   Turns: 12858, Time: 00:34:55

Health: -4/76      AC: 18    Str: 11    XL:     11   Next: 35%
Magic:  13/22      EV: 16    Int: 15    God:    the Shining One [***...]
Gold:   508        SH:  0    Dex: 21    Spells: 14/25 levels left

rFire    . . .     SeeInvis .   J - +2 glaive (protect)
rCold    . . .     Faith    .   (shield currently unavailable)
rNeg     + . .     Spirit   .   a - +0 robe
rPois    .         Reflect  .   (no helmet)
rElec    .         Harm     .   (no cloak)
rCorr    .         Rampage  .   u - +0 pair of gloves
Will     .....                  v - +0 pair of boots
Stlth    +.........             (no amulet)
HPRegen  0.22/turn              f - +6 ring of dexterity
MPRegen  0.18/turn              (no ring)

@: ice-armoured, marked, under a protective aura, freezing walls, glowing
A: (nimble swimmer 2), mertail
a: Renounce Religion, Divine Shield


You were on level 1 of the Lair of Beasts.
You worshipped the Shining One.
The Shining One was most pleased with you.
You visited 3 branches of the dungeon, and saw 11 of its levels.

You collected 508 gold pieces.

Inventory:

Hand Weapons
 p - a +2 flail of distortion
 t - a +0 spear
 C - a +1 whip of holy wrath
 D - a +0 trident
 J - a +2 glaive of protection (weapon)
 O - a +2 trident of venom
Missiles
 l - 3 silver javelins
 F - 9 curare-tipped darts
 N - 2 throwing nets
Armour
 a - a +0 robe (worn)
 u - a +0 pair of gloves (worn)
 v - a +0 pair of boots (worn)
 I - +0 swamp dragon scales
Jewellery
 f - a +6 ring of dexterity (left hand)
 i - a ring of fire
Wands
 w - a wand of polymorph (20)
 y - a wand of charming (11)
 E - a wand of flame (22)
 P - a wand of mindburst (9)
Scrolls
 e - a scroll of summoning {unknown}
 g - a scroll of fog {unknown}
 h - 4 scrolls of identify {unknown}
 j - 6 scrolls of enchant armour {unknown}
 k - 4 scrolls of teleportation {unknown}
 m - 2 scrolls of amnesia {unknown}
 n - 5 scrolls of fear {unknown}
 q - 3 scrolls of enchant weapon {unknown}
 x - 2 scrolls of noise {unknown}
 A - 2 scrolls of magic mapping {unknown}
 L - a scroll of holy word {unknown}
 M - a scroll of immolation {unknown}
Potions
 b - 2 potions of lignification {unknown}
 c - 3 potions of cancellation {unknown}
 d - 5 potions of curing
 o - a potion of might
 r - 2 potions of degeneration {unknown}
 s - 2 potions of haste
 z - 2 potions of berserk rage {unknown}
 B - a potion of attraction {unknown}
 G - 2 potions of invisibility {unknown}
 H - 2 potions of brilliance {unknown}
 K - a potion of ambrosia {unknown}
 Q - a potion of heal wounds {unknown}


   Skills:
 + Level 3.9 Fighting
 * Level 13.8 Polearms
 + Level 6.2 Dodging
 - Level 2.2 Stealth
 + Level 7.9 Spellcasting
 * Level 3.8 Conjurations
 + Level 10.3 Ice Magic


You had 14 spell levels left.
You knew the following spells:

 Your Spells              Type           Power      Damage    Failure   Level
a - Freeze                Ice            100%       1d11      1%          1
b - Frozen Ramparts       Ice            72%        1d9       1%          3
c - Ozocubu's Armour      Ice            36%        N/A       1%          3
d - Hailstorm             Conj/Ice       27%        3d7       7%          4

Your spell library contained the following spells:

 Spells                   Type           Power      Damage    Failure   Level
 Magic Dart               Conj           68%        1d6       2%          1
 Searing Ray              Conj           34%        3d4       3%          2
 Fulminant Prism          Conj/Hex       5%         3d7       50%         4


Dungeon Overview and Level Annotations

Branches:
Dungeon (9/15)             Temple (1/1) D:5            Lair (1/6) D:8
    Orc: D:9-12

Altars:
Ashenzari
Cheibriados
Dithmenos
Elyvilon
Fedhas
Gozag
Hepliaklqana
Kikubaaqudgha
Makhleb
Nemelex Xobeh
Okawaru
Qazlal
Ru
Sif Muna
Trog
Uskayaw
Vehumet
Wu Jian
Xom
Yredelemnul
Zin
The Shining One

Shops:
D:2 *

Annotations:
D:9 exclusion: oklob plant
Lair:1 Harold


Innate Abilities, Weirdness & Mutations

((You are quick and stealthy near water. (Stealth+, EV+, Speed+++)))
Your lower body shifts to a powerful aquatic tail in water.


Message History

Casting: Freeze (safe; 1% risk of failure)
Confirm with . or Enter, or press ? or * to list all spells.
Aiming: Freeze (safe; 1% risk of failure)
Press: ? - help, Shift-Dir - straight line, f/p - Harold
Aim: Harold, wielding a +2 vampiric hand axe, wearing a +0 chain mail and quivering 3 throwing nets (moderately wounded, fast, haloed)
You freeze Harold.
Harold is heavily wounded.
The wall freezes Harold.
Harold hits you but does no damage.
Casting: Freeze (safe; 1% risk of failure)
Confirm with . or Enter, or press ? or * to list all spells.
Aiming: Freeze (safe; 1% risk of failure)
Press: ? - help, Shift-Dir - straight line, f/p - Harold
Aim: Harold, wielding a +2 vampiric hand axe, wearing a +0 chain mail and quivering 3 throwing nets (heavily wounded, fast, haloed)
You freeze Harold.
Harold is heavily wounded.
The wall freezes Harold.
Harold hits you with a +2 vampiric hand axe!
Harold draws strength from your wounds!
The wall freezes Harold.
Harold hits you with a +2 vampiric hand axe!
Casting: Freeze (safe; 1% risk of failure)
Confirm with . or Enter, or press ? or * to list all spells.
Aiming: Freeze (safe; 1% risk of failure)
Press: ? - help, Shift-Dir - straight line, f/p - Harold
Aim: Harold, wielding a +2 vampiric hand axe, wearing a +0 chain mail and quivering 3 throwing nets (heavily wounded, fast, haloed)
You freeze Harold.
Harold is heavily wounded.
The wall freezes Harold.
Harold hits you with a +2 vampiric hand axe!
* * * LOW HITPOINT WARNING * * *
Harold draws strength from your wounds!
You slash Harold!
Your weapon exudes an aura of protection.
Harold is severely wounded.
The wall freezes Harold.
Harold says, "My wife will appreciate not having to wash blood out of my clothes anymore."
Harold hits you with a +2 vampiric hand axe!
* * * LOW HITPOINT WARNING * * *
The wall freezes Harold.
Harold hits you with a +2 vampiric hand axe.
You die...

#.........# ###.......#
#.........# #
###........####
####.........###.#
.P###.......###..#
.............#...#
.................#
...........#....@##
..........###....@#
...........#............
..>.....................
........................
...#....................
.................
.................
............##.#


You could see Harold (fast).

Vanquished Creatures
  A two-headed ogre (D:9)
  An ugly thing (D:8)
  A cyclops (D:8)
  Maggie (D:7)
  An unseen horror (D:8)
  A shadow (D:8)
  12 yaks (D:8)
  A wyvern (D:9)
  A wraith (D:8)
  A steam dragon (D:8)
  Edmund (D:6)
  A water moccasin (D:9)
  A floating eye (D:9)
  2 sky beasts
  2 black bears
  2 orc warriors
  3 ice beasts
  The ghost of UngaStrats the Insei, an amateur DgFi (D:3)
  3 ogres
  5 centaurs
  2 phantoms
  5 kobold brigands
  5 bullfrogs
  A gnoll sergeant (D:9)
  A water moccasin zombie (D:5)
  2 scorpions (D:8)
  5 killer bees (D:8)
  3 howler monkeys
  8 wights
  A centaur zombie (D:6)
  3 hounds
  2 orc priests
  A gnoll shaman (D:4)
  3 iguanas
  12 orc wizards
  2 killer bee zombies
  A hound skeleton (D:4)
  9 gnolls
  A howler monkey skeleton (D:4)
  5 adders
  A shadow imp (D:6)
  An ufetubus (D:5)
  2 worms (D:2)
  2 dart slugs
  29 orcs
  7 bats
  7 endoplasms
  2 giant cockroaches (D:2)
  9 goblins
  8 hobgoblins
  9 jackals
  A quokka (D:3)
  5 ball pythons
  4 frilled lizards
  21 kobolds
  4 rats
226 creatures vanquished.

Vanquished Creatures (others)
  6 fungi (D:8)
  21 plants (D:8)
27 creatures vanquished.

Grand Total: 253 creatures vanquished

Notes
Turn   | Place    | Note
-------+----------+-------------------------------------------
     0 | D:1      | Lemonice the Merfolk Ice Elementalist began the quest for
                  | the Orb.
     0 | D:1      | Reached XP level 1. HP: 13/13 MP: 3/3
   283 | D:1      | Reached XP level 2. HP: 15/19 MP: 3/5
   532 | D:1      | Reached skill level 5 in Ice Magic
   668 | D:1      | Reached XP level 3. HP: 21/24 MP: 1/6
  1287 | D:1      | Found a faded altar of an unknown god.
  1309 | D:2      | Learned a level 3 spell: Frozen Ramparts
  1421 | D:2      | Reached XP level 4. HP: 27/30 MP: 1/7
  1646 | D:2      | Found Oqiucs's General Store.
  1733 | D:2      | Found a sparkling altar of Nemelex Xobeh.
  2343 | D:3      | Found a runed translucent gate.
  2343 | D:3      | Found a runed translucent gate.
  2345 | D:3      | Found a runed translucent gate.
  2345 | D:3      | Noticed UngaStrats's ghost (amateur DgFi)
  3018 | D:4      | Reached XP level 5. HP: 17/35 MP: 5/9
  4038 | D:4      | Reached skill level 1 in Polearms
  4045 | D:4      | Reached XP level 6. HP: 12/42 MP: 0/11
  4392 | D:4      | Reached skill level 1 in Fighting
  4392 | D:4      | Reached skill level 2 in Polearms
  4567 | D:4      | Learned a level 3 spell: Ozocubu's Armour
  4572 | D:4      | Learned a level 4 spell: Hailstorm
  4662 | D:4      | Reached skill level 3 in Polearms
  4794 | D:4      | Reached skill level 4 in Polearms
  4794 | D:4      | Reached XP level 7. HP: 46/48 MP: 3/13
  5312 | D:5      | Entered Level 5 of the Dungeon
  5401 | D:5      | Reached skill level 5 in Polearms
  5522 | D:5      | Found a staircase to the Ecumenical Temple.
  5527 | Temple   | Entered the Ecumenical Temple
  5776 | Temple   | Became a worshipper of the Shining One
  5933 | D:5      | Found a sparkling altar of Nemelex Xobeh.
  5936 | D:5      | Found a sacrificial altar of Ru.
  5948 | D:5      | Reached XP level 8. HP: 54/54 MP: 5/15
  5992 | D:5      | Reached skill level 5 in Spellcasting
  6588 | D:5      | Reached skill level 6 in Polearms
  7196 | D:6      | Noticed Edmund
  7205 | D:6      | Killed Edmund
  7412 | D:6      | Reached skill level 7 in Polearms
  7555 | D:6      | Reached * piety under the Shining One
  7671 | D:6      | Found a bloodstained altar of Trog.
  7926 | D:6      | Reached skill level 8 in Polearms
  7926 | D:6      | Reached XP level 9. HP: 56/61 MP: 14/18
  8671 | D:3      | Killed UngaStrats's ghost
  8897 | D:7      | Reached skill level 9 in Polearms
  8943 | D:7      | Noticed Maggie
  8959 | D:7      | Killed Maggie
  8960 | D:7      | Reached skill level 5 in Dodging
  8970 | D:7      | Identified the +0 chain mail of Lust {rF- Str+4}
  9070 | D:7      | Found an opulent altar of Gozag.
  9571 | D:8      | Reached skill level 10 in Polearms
  9575 | D:8      | Reached skill level 1 in Conjurations
  9583 | D:8      | Reached XP level 10. HP: 21/69 MP: 12/20
  9881 | D:8      | Reached skill level 11 in Polearms
 10156 | D:8      | Found a staircase to the Lair.
 10215 | D:8      | Reached skill level 12 in Polearms
 10388 | D:8      | Reached ** piety under the Shining One
 10743 | D:8      | Noticed a cyclops
 10759 | D:8      | Killed a cyclops
 10831 | D:8      | Noticed a cyan ugly thing
 10840 | D:8      | Killed a white ugly thing
 10841 | D:8      | Reached skill level 13 in Polearms
 10841 | D:8      | Reached XP level 11. HP: 23/76 MP: 11/22
 11202 | D:8      | Reached skill level 10 in Ice Magic
 11791 | D:9      | Noticed a two-headed ogre
 11795 | D:9      | Killed a two-headed ogre
 12193 | D:9      | Reached *** piety under the Shining One
 12207 | D:9      | Paralysed by a floating eye for 3 turns
 12213 | D:9      | Paralysed by a floating eye for 4 turns
 12232 | D:9      | Noticed an oklob plant
 12590 | Lair:1   | Entered Level 1 of the Lair of Beasts
 12847 | Lair:1   | Noticed Harold
 12858 | Lair:1   | HP: 1/76 [Harold (13)]
 12858 | Lair:1   | Slain by Harold

Illustrated notes

Levels and vault maps discovered:
D:1:      minmay_arrival_loop, layout_basic,
          shapermc_ecumenical_altar_mp_urbaneastern
D:2:      layout_loops_ring, serial_shops, nicolae_shop_crystal, basic_altar,
          minmay_tetromino_l4
D:3:      layout_loops_ring, ebering_ghost_rock_garden
D:4:      layout_loops_corners
D:5:      layout_loops_ring, mainiacjoe_overflow_catch_the_wave, temple_doors_e
D:6:      layout_gridville, bloody_trog, amcnicky_mini_corridor_feature,
          minmay_pentangle, uniq_edmund
D:7:      cheibrodos_iron_armory, layout_rooms,
          nicolae_gozag_cash_rules_everything_around_me, uniq_maggie
D:8:      layout_layer_cave, grunt_lair_entry_orc_guard_hut,
          chequers_serial_rivers_small_a, minmay_shattered_shrine
D:9:      layout_rooms, disabler_island
Temple:   eino_narrow_crystal_temple
Lair:1:   layout_hall_layers, gammafunk_ghost_grave, serial_bayou_shore_b,
          uniq_harold

Skill      XL: |  1  2  3  4  5  6  7  8  9 10 11 |
---------------+----------------------------------+-----
Ice Magic      | 5 6 7 8 9 10 | 10.3
Spellcasting   | 3 4 6 7 |  7.9
Dodging        | 3 4 5 6 |  6.2
Polearms       | 1 4 5 8 10 13 | 13.8
Fighting       | 1 2 3 |  3.9
Conjurations   | 1 3 |  3.8
Stealth        | |  2.2

Action                   |  1- 3 |  4- 6 |  7- 9 | 10-12 || total
-------------------------+-------+-------+-------+-------++-------
Melee: Unarmed           |     1 |    16 |       |       ||    17
       Spear             |       |    60 |   134 |       ||   194
       Trident           |       |       |   115 |       ||   115
       Glaive            |       |       |    15 |   144 ||   159
 Cast: Freeze            |    54 |    34 |    27 |     4 ||   119
       Frozen Ramparts   |     1 |    19 |    31 |    28 ||    79
       Ozocubu's Armour  |       |     1 |    17 |    21 ||    39
       Hailstorm         |       |       |       |    12 ||    12
  Use: Potion            |       |     1 |       |       ||     1
 Stab: Sleeping          |     1 |     2 |       |       ||     3
       Distracted        |       |       |     1 |       ||     1
Armor: Robe              |     7 |    17 |    52 |    43 ||   119
Dodge: Dodged            |    34 |    47 |   151 |   121 ||   353

Table legend: (Time is in decaauts)
 A = Elapsed time spent in this place.
 B = Non-inter-level travel time spent in this place.
 C = Inter-level travel time spent in this place.
 D = Time resting spent in this place.
 E = Time spent auto-exploring this place.
 F = Levels seen in this place.
 G = Mean time per level.
                   A        B        C        D        E       F      G
               +--------+--------+--------+--------+--------+-----+--------+
         Total |  12840 |  12311 |    529 |      0 |  10239 |  11 | 1167.3 |
       Dungeon |  12314 |  11786 |    528 |      0 |   9797 |   9 | 1368.2 |
        Temple |    257 |    257 |      0 |      0 |    203 |   1 |  257.0 |
          Lair |    267 |    267 |      0 |      0 |    239 |   1 |  267.0 |
               +--------+--------+--------+--------+--------+-----+--------+

Top non-repeatable levels by time:
     D:4: 2443 daAuts
     D:8: 2200 daAuts
     D:5: 1506 daAuts
     D:6: 1505 daAuts
     D:1: 1303 daAuts
     D:2: 899 daAuts
     D:3: 898 daAuts
     D:9: 858 daAuts
     D:7: 699 daAuts
  Lair:1: 267 daAuts
  Temple: 257 daAuts
